 Dungeon Sprint DCSS version 0.31-a0-920-g28cbb04a8c (webtiles) character file.

Game seed: 8730986563969566403

1071 sircluck the Grappler (level 8, 0/92 HPs)
             Began as a Troll Berserker on Oct 17, 2023.
             Was a High Priest of Trog.
             Slain by a fire elemental (9 damage)
             ... summoned by a deep elf pyromancer
             ... in the Dungeon (Sprint VII: "The Pits").
             The game lasted 00:01:33 (331 turns).

sircluck the Grappler (Troll Berserker)              Turns: 331, Time: 00:01:33

Health: 0/92       AC:  4    Str: 28    XL:     8   Next: 7%
Magic:  7/7        EV: 12    Int:  3    God:    Trog [*****.]
Gold:   0          SH:  0    Dex:  9    Spells: 7/7 levels left

rFire   . .          .
                       - Unarmed
rCold   . . .        (no shield)
rNeg    . . .        a - +0 animal skin
rPois   .            (helmet restricted)
rElec   .            (no cloak)
rCorr   .            (gloves unavailable)
SInv    .            (boots unavailable)
Will    .....        (no amulet)
Stlth   +            (no ring)
HPRegen 1.15/turn    (no ring)
MPRegen 0.10/turn

%: no teleportation
@: on berserk cooldown, slowed, very slow
A: large, unfitting armour, claws 3, regeneration 1, shaggy fur 1, tough skin 1
a: Renounce Religion, Berserk, Trog's Hand, Brothers in Arms


You were in the Dungeon.
You worshipped Trog.
Trog was extremely pleased with you.
You visited 1 branch

Inventory:

Armour
 a - a +0 animal skin (worn)
Scrolls
 g - a scroll of blinking
 i - 2 scrolls of vulnerability
 j - a scroll of butterflies
Potions
 b - 6 potions of curing
 c - 5 potions of heal wounds
 d - a potion of haste
 e - 4 potions of magic
 f - 3 potions of berserk rage
 h - 2 potions of invisibility


   Skills:
 + Level 9.1 Fighting
 + Level 9.0 Dodging
 + Level 10.7 Unarmed Combat


You had 7 spell levels left.
You didn't know any spells.
Your spell library was empty.

Dungeon Overview and Level Annotations

Branches:
Dungeon (1/1)

Altars:
Ashenzari
Cheibriados
Dithmenos
Elyvilon
Fedhas
Gozag
Hepliaklqana
Kikubaaqudgha
Makhleb
Nemelex Xobeh
Okawaru
Qazlal
Ru
Sif Muna
Trog
Uskayaw
Vehumet
Wu Jian
Xom
Yredelemnul
Zin
The Shining One
Jiyva
Lugonu

Annotations:
D Menkaure


Innate Abilities, Weirdness & Mutations

You are too large for most types of armour.
You have claws for hands.
Your natural rate of healing is unusually fast.
You are covered in fur. (AC +1)
You have tough skin. (AC +1)


Message History

The fire elemental hits you. The fire elemental burns you!
The deep elf pyromancer casts a spell.
The deep elf pyromancer blinks!
Menkaure, Prince of Dust comes into view.
Menkaure shouts!
The fire elemental hits you. The fire elemental burns you!
The fire elemental misses you.
You barely miss the fire elemental. Your claw misses the fire elemental.
The ice encasing you melts away. The fire elemental closely misses you.
The fire elemental hits you. The fire elemental burns you!
* * * LOW HITPOINT WARNING * * *
The fire elemental hits you.
* * * LOW HITPOINT WARNING * * *
The fire elemental burns you!
* * * LOW HITPOINT WARNING * * *
There is an open door, spattered with blood here.
Items here: )) [[.
You barely miss the deep elf pyromancer.
You are no longer berserk.
You are exhausted.
You feel yourself slow down. The fire elemental hits you.
The fire elemental burns you!
* * * LOW HITPOINT WARNING * * *
Unknown command.
Unknown command.
Unknown command.
Unknown command.
You feel much better. The fire elemental hits you.
The fire elemental burns you!
* * * LOW HITPOINT WARNING * * *
The deep elf pyromancer hits you with a +0 long sword.
* * * LOW HITPOINT WARNING * * *
The fire elemental hits you. The fire elemental burns you!
* * * LOW HITPOINT WARNING * * *
The fire elemental closely misses you.
The deep elf pyromancer hits you with a +0 long sword.
* * * LOW HITPOINT WARNING * * *
The fire elemental hits you. The fire elemental burns you!
You die...

#.#..#.)#..##.......#
#.##'#..#'###...<...#
#.#........##.......#
#)#........##.......#
#'###########.......#
#.......#..##########
#.......#.## ###
#...#...#e# M..#
#..###..#@#○...#
#...#...#EE....+
#.......#○#....#
#.......).#....#
########### ####


You could see a deep elf pyromancer and 2 fire elementals.

Vanquished Creatures
  A rime drake (D)
  A shadow (D)
  A floating eye (D)
  2 black bears (D)
  An ogre (D)
  A centaur (D)
  2 wights (D)
  2 orc priests (D)
  An orc wizard (D)
  A mummy (D)
  A gnoll (D)
  3 ufetubi (D)
  An adder skeleton (D)
  3 orcs (D)
  A bat (D)
  An endoplasm (D)
  A giant cockroach (D)
  A hobgoblin (D)
  2 ball pythons (D)
27 creatures vanquished.

Notes
Turn   | Place    | Note
-------+----------+-------------------------------------------
     0 | D        | sircluck the Troll Berserker began the quest for the Orb.
     0 | D        | Reached XP level 1. HP: 22/22 MP: 0/0
    24 | D        | Found a bloodstained altar of Trog.
    24 | D        | Found a shimmering blue altar of Sif Muna.
    24 | D        | Found a viscous altar of Jiyva.
    24 | D        | Found a hazy altar of Hepliaklqana.
    24 | D        | Found an opulent altar of Gozag.
    25 | D        | Found a glowing golden altar of the Shining One.
    25 | D        | Found a glowing silver altar of Zin.
    25 | D        | Found a basalt altar of Yredelemnul.
    25 | D        | Found a shimmering altar of Xom.
    25 | D        | Found an ornate altar of the Wu Jian Council.
    25 | D        | Found a sacrificial altar of Ru.
    25 | D        | Found a stormy altar of Qazlal.
    25 | D        | Found an iron altar of Okawaru.
    25 | D        | Found a sparkling altar of Nemelex Xobeh.
    25 | D        | Found a burning altar of Makhleb.
    25 | D        | Found a blossoming altar of Fedhas.
    25 | D        | Found a white marble altar of Elyvilon.
    25 | D        | Found a shadowy altar of Dithmenos.
    25 | D        | Found a snail-covered altar of Cheibriados.
    27 | D        | Found a radiant altar of Vehumet.
    27 | D        | Found a corrupted altar of Lugonu.
    28 | D        | Found a hide-covered altar of Uskayaw.
    28 | D        | Found an ancient bone altar of Kikubaaqudgha.
    28 | D        | Found a broken altar of Ashenzari.
    66 | D        | Reached ** piety under Trog
    67 | D        | Reached XP level 2. HP: 24/31 MP: 1/1
    77 | D        | Noticed a floating eye
    83 | D        | Killed a floating eye
    84 | D        | Reached skill level 5 in Fighting
    84 | D        | Reached skill level 6 in Unarmed Combat
    84 | D        | Reached XP level 3. HP: 41/42 MP: 2/2
    84 | D        | Reached XP level 4. HP: 48/50 MP: 3/3
    87 | D        | Reached skill level 5 in Dodging
    99 | D        | Reached *** piety under Trog
   151 | D        | Noticed an ogre
   161 | D        | Noticed a centaur
   167 | D        | Killed an ogre
   167 | D        | Reached **** piety under Trog
   168 | D        | Reached skill level 7 in Unarmed Combat
   168 | D        | Reached XP level 5. HP: 44/59 MP: 4/4
   173 | D        | Killed a centaur
   174 | D        | Reached XP level 6. HP: 47/68 MP: 5/5
   179 | D        | Reached ***** piety under Trog
   180 | D        | Reached skill level 8 in Unarmed Combat
   223 | D        | Reached skill level 9 in Unarmed Combat
   226 | D        | Reached XP level 7. HP: 35/79 MP: 6/6
   293 | D        | Noticed a shadow
   295 | D        | Killed a shadow
   295 | D        | Received a gift from Trog
   302 | D        | Reached skill level 10 in Unarmed Combat
   306 | D        | Reached ****** piety under Trog
   314 | D        | Noticed a rime drake
   314 | D        | Noticed a deep elf pyromancer
   324 | D        | Noticed a fire elemental
   324 | D        | Killed a rime drake
   325 | D        | Reached XP level 8. HP: 71/92 MP: 7/7
   327 | D        | Noticed Menkaure
   331 | D        | Slain by a fire elemental

Illustrated notes

Levels and vault maps discovered:
D:        pitsprint [storerooms_1, entrance_room_1, metal_vault_2, armoury_1,
          mini_pit_1, grid_room_1, main_hall_1, silver_pit, the_coven_2,
          the_vestibule_1, steel_vault_4, golden_pit, hallway_of_sentries,
          crystal_vault_1, iron_vault_1, final_vault]

Skill      XL: |  1  2  3  4  5  6  7 |
---------------+----------------------+-----
Fighting       | 3 5 6 7 9 |  9.1
Dodging        | 3 4 6 7 9 |  9.0
Unarmed Combat | 6 7 9 10 | 10.7

Action                     |  1- 3 |  4- 6 |  7- 9 || total
---------------------------+-------+-------+-------++-------
  Melee: Unarmed           |    23 |    56 |    23 ||   102
         Punch             |       |       |     1 ||     1
 Invoke: Berserk           |       |     1 |     1 ||     2
    Use: Potion            |       |       |     1 ||     1
 Armour: Animal skin       |    17 |    52 |    24 ||    93
  Dodge: Dodged            |    27 |    44 |     9 ||    80

Table legend: (Time is in decaauts)
 A = Elapsed time spent in this place.
 B = Non-inter-level travel time spent in this place.
 C = Inter-level travel time spent in this place.
 D = Time resting spent in this place.
 E = Time spent auto-exploring this place.
 F = Levels seen in this place.
 G = Mean time per level.
                   A        B        C        D        E       F      G
               +--------+--------+--------+--------+--------+-----+--------+
         Total |    325 |    325 |      0 |     57 |    100 |   1 |  325.0 |
       Dungeon |    325 |    325 |      0 |     57 |    100 |   1 |  325.0 |
               +--------+--------+--------+--------+--------+-----+--------+

Top non-repeatable levels by time:
       D: 325 daAuts
